 Dungeon Crawl Stone Soup version 0.20-a0-2-g2b0e13a (webtiles) character file.

116 JeffiDaFish the Skirmisher (level 5, -1/29 HPs)
             Began as a Gargoyle Fighter on Oct 30, 2016.
             Was an Initiate of Makhleb.
             Slain by an ogre
             ... wielding a +0 giant club
              (18 damage)
             ... on level 3 of the Dungeon.
             The game lasted 00:07:28 (2283 turns).

JeffiDaFish the Skirmisher (Gargoyle Fighter)       Turns: 2283, Time: 00:07:29

Health: -1/29      AC: 17    Str: 20    XL:     5   Next: 0%
Magic:  5/5        EV:  5    Int: 11    God:    Makhleb [......]
Gold:   192        SH:  9    Dex:  9    Spells: 0 memorised, 4 levels left

rFire  . . .     SeeInvis .     a - +0 flail
rCold  . . .     Gourm    .     i - +0 chain mail
rNeg   + . .     Faith    .     c - +0 shield
rPois  ∞         Spirit   .     j - +0 helmet
rElec  +         Reflect  .     (no cloak)
rCorr  .         Harm     .     (no gloves)
MR     .....                    (no boots)
Stlth  ..........               (no amulet)
                                (no ring)
                                e - +3 ring of protection

@: no status effects
A: clever 1, frail 1, negative energy resistance 1, electricity resistance,
unbreathing, petrification resistance, rot immunity, subdued magic 1, AC +4
a: Renounce Religion


You were on level 3 of the Dungeon.
You worshipped Makhleb.
Makhleb was noncommittal.
You were not hungry.

You visited 1 branch of the dungeon, and saw 3 of its levels.

You collected 192 gold pieces.

Inventory:

Hand Weapons
 a - a +0 flail (weapon)
Armour
 c - a +0 shield (worn)
 i - a +0 chain mail (worn)
 j - a +0 helmet (worn)
Jewellery
 e - a +3 ring of protection (left hand)
Scrolls
 g - 3 scrolls of teleportation
Potions
 d - a potion of might
 k - a potion of flight
Comestibles
 b - 2 chunks of flesh
 f - 3 bread rations
 h - 2 beef jerkies


   Skills:
 + Level 4.2 Fighting
 - Level 3.0 Maces & Flails
 - Level 3.6 Armour
 - Level 0.8 Dodging
 - Level 4.1 Shields


You had 4 spell levels left.
You didn't know any spells.

Dungeon Overview and Level Annotations

Branches:
Dungeon (3/15)

Altars:
Makhleb
Xom
The Shining One


Innate Abilities, Weirdness & Mutations

You are resistant to torment.
Your stone body is resilient. (AC +4)
You are immune to poison.
You resist negative energy. (rN+)
You are resistant to electric shocks. (rElec)
You can survive without breathing.
You are immune to petrification.
You are immune to rotting.
Your mind is acute. (Int +2)
You are frail. (-10% HP)
Your spells are a little easier to cast, but a little less powerful.


Message History

The jackal bites you but does no damage.
The jackal barely misses you.
Your shield and chain mail prevent you from hitting the jackal.
The jackal is heavily wounded.
The jackal barely misses you. You block the jackal's attack. x2
The jackal bites you.
You hit the jackal.
You kill the jackal!
Makhleb accepts your kill.
You have reached level 5!
The jackal bites you but does no damage.
You block the jackal's attack.
You completely miss the ogre. The ogre hits you with a giant club!
The jackal bites you but does no damage.
You hit the ogre.
The ogre is lightly wounded.
The jackal bites you but does no damage.
The ogre hits you with a giant club!!
Ouch! That really hurt!
You die...

#####.......# #.......#
#.......#
############.......#
...........'.......#
############.......#
.........<##.......#
##############'#'####+###
#[#@O......# #.##h...?..#
#.##.......# #.##.......#
###'##.......#
###....#.......#
#...[..#.......#
#......######### #..(...#


You could see an ogre and a jackal.

Vanquished Creatures
  Jessica (D:2)
  2 adders
  A gnoll (D:1)
  2 oozes (D:3)
  A worm (D:3)
  2 leopard geckos
  An orc (D:3)
  3 giant cockroaches
  2 goblins
  5 hobgoblins
  5 jackals
  2 quokkas
  2 ball pythons
  10 bats
  3 frilled lizards
  3 kobolds
  6 rats
51 creatures vanquished.

Notes
Turn   | Place    | Note
-------+----------+-------------------------------------------
     0 | D:1      | JeffiDaFish the Gargoyle Fighter began the quest for the Orb.
     0 | D:1      | Reached XP level 1. HP: 14/14 MP: 1/1
     9 | D:1      | Gained mutation: Your spells are a little easier to cast, but a little less powerful. [potion of mutation]
     9 | D:1      | Gained mutation: Your mind is acute. (Int +2) [potion of mutation]
     9 | D:1      | Gained mutation: You are frail. (-10% HP) [potion of mutation]
   173 | D:1      | Reached XP level 2. HP: 17/17 MP: 2/2
   406 | D:1      | Reached XP level 3. HP: 18/20 MP: 3/3
   752 | D:2      | Noticed Jessica
   761 | D:2      | Killed Jessica
   761 | D:2      | Reached XP level 4. HP: 25/25 MP: 4/4
   902 | D:2      | Found a glowing golden altar of the Shining One.
  1258 | D:2      | Found a burning altar of Makhleb.
  1573 | D:2      | Became a worshipper of Makhleb the Destroyer
  2044 | D:3      | Found a shimmering altar of Xom.
  2269 | D:3      | Noticed an ogre
  2281 | D:3      | Reached XP level 5. HP: 28/29 MP: 5/5
  2283 | D:3      | Slain by an ogre

Vault maps used:
D:1:      lightli_arrival_boilingwater
D:2:      lemuel_doored_altar, nicolae_tso_carved_into_rock, uniq_jessica
D:3:      lemuel_upstairs_altar, lemuel_round_altar

Skill      XL: |  1  2  3  4 |
---------------+-------------+-----
Shields        | 4 |  4.1
Maces & Flails | 3 |  3.0
Fighting       | 4 |  4.2
Armour         | |  3.6
Dodging        | |  0.8

Action                   |  1- 3 |  4- 6 || total
-------------------------+-------+-------++-------
Melee: Flail             |   111 |   112 ||   223
  Use: Scroll            |     2 |     5 ||     7
       Potion            |     2 |     1 ||     3
  Eat: Chunk             |       |     5 ||     5
Armor: Scale mail        |    58 |     2 ||    60
       Chain mail        |       |    90 ||    90
Dodge: Dodged            |    47 |    32 ||    79
Block: Shield            |    67 |    72 ||   139
